 Dungeon Crawl Stone Soup version 0.21-a0-270-g8204059 (webtiles) character file.

5420 tidbits the Martial Artist (level 10, 0/81 HPs)
             Began as a Demigod Transmuter on Sept 13, 2017.
             Slain by a killer bee (8 damage)
             ... on level 10 of the Dungeon.
             The game lasted 00:41:05 (4582 turns).

tidbits the Martial Artist (Demigod Transmuter)     Turns: 4582, Time: 00:41:06

Health: 0/81       AC:  4    Str: 11 (13) XL:     10   Next: 18%
Magic:  16/19      EV: 15    Int: 21 (23) God:
Gold:   215        SH:  0    Dex: 15 (16) Spells: 2/17 levels left

rFire    . . .     SeeInvis .     - Unarmed
rCold    . . .     Gourm    .   (shield currently unavailable)
rNeg     . . .     Faith    .   B - +0 robe
rPois    .         Spirit   .   (no helmet)
rElec    .         Reflect  .   C - +0 cloak
rCorr    .         Harm     .   (gloves currently unavailable)
MR       +....                  K - +0 pair of boots
Stlth    +.........             i - amulet of rage
HPRegen  0.23/turn              W - ring of Zimith {Wiz +Blink}
MPRegen  0.16/turn              (no ring)

@: blade hands (expiring)
A: high mp 1
a: End Transformation, Evoke Blink, Evoke Berserk Rage


You were on level 10 of the Dungeon.
You were hungry.
You had blades for hands.
You visited 1 branch of the dungeon, and saw 10 of its levels.

You collected 476 gold pieces.
You spent 261 gold pieces at shops.

Inventory:

Hand Weapons
 u - a +1 short sword of distortion
   (You found it on level 3 of the Dungeon)
 F - a cursed +0 scimitar
 O - a +3 war axe of draining
   (You found it on level 7 of the Dungeon)
 S - a +2 battleaxe of electrocution
   (You took it off an orc warrior on level 8 of the Dungeon)
 U - a +2 dagger of venom
   (You took it off an orc on level 8 of the Dungeon)
 Z - the +6 rapier of Scorn (melded) {pain, *Rage rElec SInv Stlth+}
   (You found it on level 9 of the Dungeon)

   In the hands of one skilled in necromantic magic, it inflicts extra damage on
   living creatures.
   It insulates you from electricity.
   It lets you see invisible.
   It may make you go berserk in combat.
   It makes you more stealthy.
Missiles
 a - 88 arrows
 g - 98 bolts
 k - 34 stones
 o - 49 sling bullets
 M - a throwing net {!f}
 P - 12 tomahawks
 T - 6 steel javelins (quivered)
Armour
 l - a +0 leather armour of fire resistance
   (You found it on level 2 of the Dungeon)
 B - a +0 robe (worn)
 C - a +0 cloak (worn)
 K - a +0 pair of boots (worn)
Jewellery
 b - a +4 amulet of reflection
   (You bought it in a shop on level 9 of the Dungeon)
 i - an amulet of rage (around neck)
   (You found it on level 1 of the Dungeon)
 W - the ring of Zimith (left scythe-like blade) {Wiz +Blink}
   (You bought it in a shop on level 9 of the Dungeon)

   [ring of wizardry]

   It improves your spell success rate.
   It lets you blink.
Wands
 p - a wand of acid (11/15)
 A - a wand of acid (7/15)
 G - a wand of confusion (13/48)
 L - a wand of random effects (18/48)
 X - a wand of paralysis (14/24)
Scrolls
 j - 3 scrolls of recharging
 q - 2 scrolls of magic mapping
 r - 3 scrolls of remove curse
 s - 2 scrolls of fog {unknown}
 t - 3 scrolls of teleportation
 w - 2 scrolls of enchant weapon {unknown}
 y - a scroll of random uselessness {unknown}
 J - a scroll of blinking {unknown}
 N - 2 scrolls of holy word {unknown}
 Q - 2 scrolls of immolation {unknown}
 R - a scroll of noise {unknown}
 V - a scroll of enchant armour {unknown}
 Y - a scroll of amnesia {unknown}
Potions
 e - a potion of brilliance
 m - 2 potions of flight
 v - a potion of might {unknown}
 x - 4 potions of curing
 D - 2 potions of haste {unknown}
 H - 2 potions of agility {unknown}
 I - 4 potions of degeneration
Books
 c - a book of Changes

   Spells                             Type                      Level
   a - Beastly Appendage              Transmutation                1
   b - Sticks to Snakes               Transmutation                2
   c - Spider Form                    Transmutation/Poison         3
   d - Ice Form                       Ice/Transmutation            4
   e - Blade Hands                    Transmutation                5
 E - a book of Minor Magic
   (You found it on level 4 of the Dungeon)

   Spells                             Type                      Level
   a - Magic Dart                     Conjuration                  1
   b - Blink                          Translocation                2
   c - Call Imp                       Summoning                    2
   d - Slow                           Hexes                        2
   e - Conjure Flame                  Conjuration/Fire             3
   f - Mephitic Cloud                 Conjuration/Poison/Air       3
Comestibles
 d - 8 bread rations
 f - 4 meat rations
 h - 3 fruits


   Skills:
 + Level 5.2 Fighting
 + Level 5.7 Dodging
 + Level 9.6 Unarmed Combat
 - Level 4.0 Spellcasting
 - Level 6.9 Transmutations


You had 2 spell levels left.
You knew the following spells:

 Your Spells              Type           Power        Failure   Level  Hunger
e - Beastly Appendage     Tmut           ####..       5%          1    None
h - Blade Hands           Tmut           ####......   30%         5    ######.
i - Ice Form              Ice/Tmut       ###.....     38%         4    ####...
k - Sticks to Snakes      Tmut           ####....     6%          2    #......
p - Spider Form           Tmut/Pois      ###.......   19%         3    ###....


Dungeon Overview and Level Annotations

Branches:
Dungeon (10/15)            Temple (0/1) D:7            Lair (0/6) D:10
    Orc (0/2) D:9

Shops:
D:7 [   D:9 *


Innate Abilities, Weirdness & Mutations

You have an increased reservoir of magic. (+10% MP)


Message History

The bullfrog hits you but does no damage.
The bullfrog hits you.
* * * LOW HITPOINT WARNING * * *
You puncture the bullfrog!
You kill the bullfrog!
Magic restored.
A crocodile comes into view.
The crocodile moves out of view.
You see here 17 gold pieces.
You now have 215 gold pieces (gained 17).
A hippogriff comes into view.
The hippogriff moves out of view.
Found a staircase to the Lair.
A crocodile comes into view.
A porcupine comes into view.
Something bites the fungus!
Found 14 gold pieces.
The porcupine bites something!
Something bites the fungus!
Something pecks the fungus but does no damage.
Something claws the fungus.
The fungus is destroyed!
A porcupine comes into view.
Found 7 stones.
Casting: Sticks to Snakes
Confirm with . or Enter, or press ? or * to list all spells.
You create 2 snakes!
You now have 88 arrows.
Your ball python withers and dies!
The crocodile bites your adder. The crocodile bites your adder!
Your adder dies!
Casting: Sticks to Snakes
Confirm with . or Enter, or press ? or * to list all spells.
Your hands turn into razor-sharp scythe blades.
The +6 rapier of Scorn {pain, *Rage rElec SInv Stlth+} melds into your body.
The porcupine bites the fungus.
Something bites the plant.
The porcupine bites the plant.
You closely miss the crocodile. The crocodile closely misses you.
The porcupine bites the fungus.
You barely miss the crocodile. The crocodile bites you!
* * * LOW HITPOINT WARNING * * *
You hear a screech!
You slice the crocodile!!
The crocodile is almost dead.
The porcupine bites the fungus.
You barely miss the crocodile.
The crocodile is almost dead.
The porcupine bites the fungus!
The crocodile closely misses you.
You slice the crocodile!!
You kill the crocodile!
The porcupine completely misses the plant.
You closely miss the crocodile.
The porcupine bites the plant!
The crocodile bites you!
* * * LOW HITPOINT WARNING * * *
You slash the crocodile!
The crocodile is moderately wounded.
The porcupine bites the plant.
You swap places.
The porcupine bites the plant!
The crocodile bites your adder.
Your adder barely misses the crocodile.
The porcupine bites the plant.
Your adder closely misses the crocodile.
The crocodile bites your adder!
Your adder dies!
Found 27 stones.
An orc comes into view. It is wielding a flail.
As you read the scroll of teleportation, it crumbles to dust.
You feel strangely unstable.
The orc shouts!
Your surroundings suddenly seem different.
A killer bee comes into view.
The killer bee buzzes angrily.
Something stings the fungus!
Found a stone staircase leading down. 2 killer bees come into view.
A killer bee comes into view.
A scorpion comes into view.
Your transformation is almost over.
The killer bee barely misses you.
You are feeling hungry.
The killer bee barely misses you.
It was a potion of degeneration.
There was something very wrong with that liquid.
You feel weakened.
You feel dopey.
You feel clumsy. The killer bee closely misses you.
The killer bee barely misses you.
You closely miss the killer bee. The killer bee stings you.
* * * LOW HITPOINT WARNING * * *
The killer bee misses you.
A phantom comes into view.
You closely miss the killer bee. The killer bee closely misses you.
The killer bee stings you!
* * * LOW HITPOINT WARNING * * *
The phantom moves out of view.
You feel better.
The orc shouts!
The killer bee stings you!
* * * LOW HITPOINT WARNING * * *
The killer bee completely misses you.
A worker ant comes into view.
You closely miss the killer bee.
The worker ant twitches its antennae in your direction.
Your slash misses the killer bee. The killer bee stings you!
You die...

#.# .# #.. .. ##.##
### ...# ####..#
### #. ...# # ....
#. #.## ...
.y..##.##.####s....
.....o....y@.......
.y......>.####.....
P.........# ...
P.........# #
..P.......#
.P..a......#
...........#
...##.#...... ..
#.####.#.#


You could see a scorpion (sleeping), a worker ant, a killer bee and an orc.

Vanquished Creatures
  A two-headed ogre (D:8)
  An unseen horror (D:10)
  A hippogriff (D:10)
  The ghost of tidbits the Skirmisher, an amateur DgWn (D:5)
  A hungry ghost (D:8)
  A water moccasin (D:9)
  3 ice beasts
  A black bear (D:8)
  2 orc warriors
  6 ogres
  5 centaurs
  A crocodile (D:10)
  A big kobold (D:9)
  7 bullfrogs
  A wyvern zombie (D:8)
  A gnoll sergeant (D:9)
  A water moccasin zombie (D:9)
  5 wights (D:9)
  6 crimson imps
  4 hounds
  5 orc priests
  A centaur skeleton (D:7)
  3 orc wizards
  3 iguanas
  5 worker ants
  6 adders
  4 gnolls (D:9)
  4 shadow imps
  3 oozes
  An adder skeleton (D:9)
  2 worms
  2 dart slugs (D:2)
  7 leopard geckos
  50 orcs
  A ball python (D:2)
  4 giant cockroaches
  4 hobgoblins
  6 jackals
  2 quokkas
  5 bats
  4 frilled lizards
  8 goblins
  9 kobolds
  7 rats
196 creatures vanquished.

Vanquished Creatures (collateral kills)
  A troll (D:9)
  An orc warrior (D:8)
  A phantom (D:8)
  An orc wizard (D:5)
  A worker ant (D:8)
  An adder (D:9)
  2 orcs (D:9)
  A jackal (D:6)
  A leopard gecko zombie (D:8)
  2 butterflies (D:7)
12 creatures vanquished.

Vanquished Creatures (others)
  11 fungi (D:10)
  2 plants (D:10)
13 creatures vanquished.

Grand Total: 221 creatures vanquished

Notes
Turn   | Place    | Note
-------+----------+-------------------------------------------
     0 | D:1      | tidbits the Demigod Transmuter began the quest for the Orb.
     0 | D:1      | Reached XP level 1. HP: 15/15 MP: 5/5
    52 | D:1      | Reached skill level 2 in Spellcasting
   218 | D:1      | Reached skill level 2 in Transmutations
   218 | D:1      | Reached XP level 2. HP: 22/22 MP: 5/7
   248 | D:1      | Learned a level 2 spell: Sticks to Snakes
   344 | D:1      | Reached skill level 3 in Unarmed Combat
   575 | D:2      | Reached XP level 3. HP: 21/27 MP: 4/8
   765 | D:2      | Learned a level 3 spell: Spider Form
   856 | D:3      | Reached XP level 4. HP: 18/34 MP: 6/9
   963 | D:3      | Reached skill level 4 in Unarmed Combat
   996 | D:4      | Reached skill level 3 in Transmutations
   998 | D:4      | Noticed a bullfrog
  1003 | D:4      | Killed a bullfrog
  1003 | D:4      | Reached XP level 5. HP: 32/39 MP: 4/10
  1119 | D:4      | Noticed an ice beast
  1126 | D:4      | Killed an ice beast
  1126 | D:4      | Reached skill level 5 in Unarmed Combat
  1560 | D:5      | Entered Level 5 of the Dungeon
  1566 | D:5      | Reached XP level 6. HP: 35/46 MP: 7/11
  1679 | D:5      | Reached skill level 1 in Fighting
  1713 | D:5      | Noticed tidbits's ghost (amateur DgWn)
  1744 | D:5      | Killed tidbits's ghost
  1744 | D:5      | Reached skill level 2 in Dodging
  1744 | D:5      | Reached skill level 4 in Transmutations
  1890 | D:5      | Found an iron altar of Okawaru.
  1893 | D:5      | Found a deep blue altar of Sif Muna.
  2144 | D:6      | Reached skill level 6 in Unarmed Combat
  2144 | D:6      | Reached XP level 7. HP: 28/53 MP: 8/13
  2323 | D:7      | Found a shimmering altar of Xom.
  2332 | D:7      | Reached skill level 2 in Fighting
  2446 | D:7      | Reached skill level 3 in Dodging
  2510 | D:7      | Found an ancient bone altar of Kikubaaqudgha.
  2523 | D:6      | HP: 4/56 [ogre/giant club (19)]
  2609 | D:7      | Found a staircase to the Ecumenical Temple.
  2611 | D:7      | Found Ciaqarodd's Armour Shop.
  2624 | D:7      | Reached XP level 8. HP: 28/62 MP: 4/15
  2630 | D:7      | Bought a +0 cloak for 45 gold pieces
  2631 | D:7      | Found an iron altar of Okawaru.
  2718 | D:8      | Reached skill level 5 in Transmutations
  2782 | D:8      | Reached skill level 3 in Fighting
  2782 | D:8      | Reached skill level 7 in Unarmed Combat
  2785 | D:8      | Reached skill level 3 in Spellcasting
  3098 | D:8      | Noticed a two-headed ogre
  3119 | D:8      | Killed a two-headed ogre
  3119 | D:8      | Reached skill level 4 in Fighting
  3119 | D:8      | Reached skill level 4 in Dodging
  3119 | D:8      | Reached skill level 8 in Unarmed Combat
  3119 | D:8      | Reached XP level 9. HP: 55/71 MP: 13/18
  3367 | D:8      | Reached skill level 6 in Transmutations
  3402 | D:9      | Reached skill level 4 in Spellcasting
  3409 | D:9      | Learned a level 5 spell: Blade Hands
  3465 | D:9      | Found Xianeal's Assorted Antiques.
  3577 | D:9      | Reached skill level 9 in Unarmed Combat
  3668 | D:9      | Bought a slimy silver ring for 90 gold pieces
  3668 | D:9      | Identified the ring of Zimith {Wiz +Blink} (You bought it in a shop on level 9 of the Dungeon)
  3674 | D:9      | Learned a level 4 spell: Ice Form
  3674 | D:9      | Bought a scroll of identify for 36 gold pieces
  3674 | D:9      | Bought a small bone amulet for 90 gold pieces
  3919 | D:9      | Reached skill level 5 in Dodging
  4012 | D:9      | Found a staircase to the Orcish Mines.
  4194 | D:10     | Entered Level 10 of the Dungeon
  4251 | D:9      | Got a smoking rapier
  4262 | D:9      | Identified the +6 rapier of Scorn {pain, *Rage rElec SInv Stlth+} (You found it on level 9 of the Dungeon)
  4336 | D:10     | Reached XP level 10. HP: 35/80 MP: 15/19
  4338 | D:10     | HP: 6/80 [something (11)]
  4343 | D:10     | Killed an unseen horror
  4343 | D:10     | Reached skill level 5 in Fighting
  4550 | D:10     | Found a staircase to the Lair.
  4581 | D:10     | HP: 8/81 [killer bee (8)]
  4582 | D:10     | Slain by a killer bee

Vault maps used:
D:1:      lightli_arrival_flooded_house, minmay_tiny_reverse_x
D:4:      minmay_tree_intersection
D:5:      minitemple, first_bread
D:6:      minmay_misc_feat_five
D:7:      kiku_gazebo_pond_becter, xom_butterflies,
          minmay_temple_entry_junction, serial_shops, shop, grunt_ogre_cave,
          okawaru_metal_pillars_1_2
D:9:      hiddenorc2_lemuel, serial_shops, shop, grunt_ministairs_11
D:10:     due_lair_maze_entry_diamond

Skill      XL: |  1  2  3  4  5  6  7  8  9 10 |
---------------+-------------------------------+-----
Spellcasting   | 2 3 4 |  4.0
Transmutations | 2 3 4 5 6 |  6.9
Unarmed Combat | 3 4 5 6 8 9 |  9.6
Fighting       | 1 2 4 5 |  5.2
Dodging        | 2 3 4 5 |  5.7

Action                   |  1- 3 |  4- 6 |  7- 9 | 10-12 || total
-------------------------+-------+-------+-------+-------++-------
Melee: Unarmed           |    88 |   117 |   267 |    20 ||   492
       Headbutt          |     9 |       |       |       ||     9
       Kick              |     4 |       |       |       ||     4
       Punch             |     3 |       |     2 |       ||     5
       Rapier            |       |       |       |     6 ||     6
Throw: Javelin           |       |       |    10 |       ||    10
 Cast: Beastly Appendage |    23 |       |       |       ||    23
       Sticks to Snakes  |     4 |    11 |    34 |     3 ||    52
       Spider Form       |     1 |    22 |    22 |       ||    45
       Blade Hands       |       |       |    16 |     2 ||    18
 Abil: Evoke Berserk Rag |     3 |       |     1 |       ||     4
       End Transformatio |       |       |     3 |     1 ||     4
Evoke: Wand              |       |     3 |     3 |       ||     6
  Use: Scroll            |     1 |     6 |     4 |     1 ||    12
       Potion            |       |     1 |       |     4 ||     5
 Stab: Sleeping          |     1 |     2 |       |       ||     3
       Distracted        |       |     1 |     5 |     1 ||     7
  Eat: Chunk             |     4 |     5 |    16 |       ||    25
       Royal jelly       |       |     1 |     1 |       ||     2
       Fruit             |       |     1 |     2 |       ||     3
Armor: Robe              |    11 |     2 |    16 |     3 ||    32
       Skin              |       |     3 |     3 |       ||     6
Dodge: Dodged            |    52 |    72 |   181 |    27 ||   332

Table legend:
 A = Spawn XP
 B = Non-spawn XP
 C = Spawn XP percentage of total XP
 D = Spawn monster count
 E = Non-spawn monster count
 F = Spawn count percentage of total count
 G = Total turns spent on level
                    A         B        C        D         E        F      G
               +---------+---------+-------+---------+---------+-------+---------
         Total |       0 |    7744 |   0.0 |       0 |     206 |   0.0 |  4582
               +---------+---------+-------+---------+---------+-------+---------
           D:1 |       0 |      21 |   0.0 |       0 |      10 |   0.0 |   398
           D:2 |       0 |      43 |   0.0 |       0 |      21 |   0.0 |   377
           D:3 |       0 |      82 |   0.0 |       0 |      20 |   0.0 |   313
           D:4 |       0 |     299 |   0.0 |       0 |      10 |   0.0 |   472
           D:5 |       0 |     374 |   0.0 |       0 |      13 |   0.0 |   362
           D:6 |       0 |     253 |   0.0 |       0 |       8 |   0.0 |   475
           D:7 |       0 |     460 |   0.0 |       0 |       8 |   0.0 |   257
           D:8 |       0 |    2678 |   0.0 |       0 |      29 |   0.0 |   777
           D:9 |       0 |    2341 |   0.0 |       0 |      78 |   0.0 |  1012
          D:10 |       0 |    1193 |   0.0 |       0 |       9 |   0.0 |   139
               +---------+---------+-------+---------+---------+-------+---------

Table legend:
 A = Turns spent in this place as a percentage of turns spent in the entire game.
 B = Non-inter-level travel turns spent in this place as a percentage of non-inter-level travel turns spent in the entire game.
 C = Inter-level travel turns spent in this place as a percentage of turns spent in this place.
 D = Turns resting spent in this place as a percentage of non-inter-level travel turns spent in this place.
 E = Turns spent auto-exploring this place as a percentage of non-inter-level travel turns spent in this place.
 F = Non-inter-level travel turns spent in this place divided by the number of levels of this place that you've seen.
                   A       B       C       D       E      F
               +-------+-------+-------+-------+-------+----------------------
         Total | 100.0 | 100.0 |   2.3 |   0.0 |   0.0 | 447.8
       Dungeon | 100.0 | 100.0 |   2.3 |   0.0 |   0.0 | 447.8
               +-------+-------+-------+-------+-------+----------------------

Table legend:
 A = Kills in this place as a percentage of kills in entire the game.
 B = Kills by you in this place as a percentage of kills by you in the entire game.
 C = Kills by friends in this place as a percentage of kills by friends in the entire game.
 D = Other kills in this place as a percentage of other kills in the entire game.
 E = Experience gained in this place as a percentage of experience gained in the entire game.
 F = Experience gained in this place divided by the number of levels of this place that you have seen.
                   A       B       C       D       E      F
               +-------+-------+-------+-------+-------+----------------------
         Total | 100.0 | 100.0 | 100.0 |   N/A | 100.0 | 774.4
       Dungeon | 100.0 | 100.0 | 100.0 |   N/A | 100.0 | 774.4
               +-------+-------+-------+-------+-------+----------------------

Vault maps used:
D:1:      lightli_arrival_flooded_house, minmay_tiny_reverse_x
D:4:      minmay_tree_intersection
D:5:      minitemple, first_bread
D:6:      minmay_misc_feat_five
D:7:      kiku_gazebo_pond_becter, xom_butterflies,
          minmay_temple_entry_junction, serial_shops, shop, grunt_ogre_cave,
          okawaru_metal_pillars_1_2
D:9:      hiddenorc2_lemuel, serial_shops, shop, grunt_ministairs_11
D:10:     due_lair_maze_entry_diamond
